 Dungeon Crawl Stone Soup version 0.29-a0-1061-gbc57f8fbdb (webtiles) character file.

Game seed: 12227680600423194427

6 Plasmagod the Ruffian (level 1, 0/16 HPs)
             Began as a Draconian Transmuter on Aug 18, 2022.
             Slain by a bat (1 damage)
             ... on level 1 of the Dungeon.
             The game lasted 00:00:28 (69 turns).

Plasmagod the Ruffian (Draconian Transmuter)          Turns: 69, Time: 00:00:28

Health: 0/16       AC:  4    Str: 12    XL:     1   Next: 75%
Magic:  3/3        EV: 12    Int: 13    God:
Gold:   17         SH:  0    Dex: 11    Spells: 3/4 levels left

rFire   . . .      SeeInvis .     - Unarmed
rCold   . . .      Faith    .   (no shield)
rNeg    . . .      Spirit   .   (body armour unavailable)
rPois   .          Reflect  .   (helmet restricted)
rElec   .          Harm     .   (no cloak)
rCorr   .          Rampage  .   (no gloves)
Will    .....                   (no boots)
Stlth   +.........              (no amulet)
HPRegen 0.05/turn               (no ring)
MPRegen 0.08/turn               (no ring)

@: no status effects
A: AC +4, unfitting armour, cold-blooded
a: no special abilities


You were on level 1 of the Dungeon.
You visited 1 branch of the dungeon, and saw 1 of its levels.

You collected 17 gold pieces.

Inventory:

Potions
 a - a potion of lignification


   Skills:
 - Level 1.1 Fighting
 - Level 1.7 Dodging
 + Level 3.4 Unarmed Combat
 - Level 2.0 Spellcasting
 - Level 2.0 Transmutations


You had 3 spell levels left.
You knew the following spells:

 Your Spells              Type           Power      Damage    Failure   Level
a - Beastly Appendage     Tmut           12%        N/A       11%         1

Your spell library contained the following spells:

 Spells                   Type           Power      Damage    Failure   Level
 Wereblood                Tmut           6%         N/A       17%         2
 Spider Form              Tmut/Pois      3%         N/A       45%         3
 Ice Form                 Ice/Tmut       3%         N/A       86%         4


Dungeon Overview and Level Annotations

Branches:
Dungeon (1/15)

Altars:


Innate Abilities, Weirdness & Mutations

Your plain brown scales are hard. (AC +4)
You cannot fit into any form of body armour.
You are cold-blooded and may be slowed by cold attacks.


Message History

The endoplasm freezes you.
You are frozen.
The jackal bites you.
You hit the endoplasm.
You kill the endoplasm!
The jackal barely misses you.
You closely miss the jackal. You headbutt the jackal.
The jackal is heavily wounded.
Your horns disappear.
Your talons disappear.
The bat hits you but does no damage.
The jackal bites you but does no damage.
The jackal misses you. x2
You hit the jackal.
You kill the jackal!
The jackal closely misses you. The bat hits you but does no damage.
You hit the giant cockroach but do no damage.
The bat hits you but does no damage. The giant cockroach misses you.
The bat hits you but does no damage. The jackal bites you.
You are too injured to fight recklessly!
You completely miss the bat. The bat misses you.
The giant cockroach bites you but does no damage.
The jackal barely misses you.
The giant cockroach completely misses you.
The jackal bites you but does no damage.
You barely miss the jackal. The bat hits you but does no damage.
The jackal bites you. The giant cockroach barely misses you.
You barely miss the jackal. You tail-slap the jackal.
The jackal is heavily wounded.
The bat barely misses you. The jackal closely misses you.
The giant cockroach bites you but does no damage.
You barely miss the jackal.
The jackal is heavily wounded.
The jackal bites you.
* * * LOW HITPOINT WARNING * * *
The bat barely misses you. The giant cockroach barely misses you.
The jackal bites you.
* * * LOW HITPOINT WARNING * * *
You closely miss the jackal.
The jackal is heavily wounded.
The bat hits you.
You die...

#.. $. ..# .## ..
... #....# #...
#..#.# #... #.#.###
..... #.....##
#........# #Bh#..# #
#........# ##@.#.#.#
#........#####b....#
#..................#
#.......##........>#
#.......##.#########
####.......##.#
...........##.#
...........'..#
...........####


You could see a jackal, a giant cockroach and a bat.

Vanquished Creatures
  An endoplasm (D:1)
  2 jackals (D:1)
  A quokka (D:1)
  A frilled lizard (D:1)
5 creatures vanquished.

Notes
Turn   | Place    | Note
-------+----------+-------------------------------------------
     0 | D:1      | Plasmagod the Draconian Transmuter began the quest for the
                  | Orb.
     0 | D:1      | Reached XP level 1. HP: 16/16 MP: 3/3
    69 | D:1      | Slain by a bat

Illustrated notes

Levels and vault maps discovered:
D:1:      psy_arrival_basics, layout_basic, shapermc_ecumenical_altar_notcrosses

Action                   || total
-------------------------++-------
Melee: Unarmed           ||    18
       Kick              ||     4
       Tailslap          ||     2
       Headbutt          ||     1
 Cast: Beastly Appendage ||     2
Armor: Skin              ||    10
Dodge: Dodged            ||    22

Table legend: (Time is in decaauts)
 A = Elapsed time spent in this place.
 B = Non-inter-level travel time spent in this place.
 C = Inter-level travel time spent in this place.
 D = Time resting spent in this place.
 E = Time spent auto-exploring this place.
 F = Levels seen in this place.
 G = Mean time per level.
                   A        B        C        D        E       F      G
               +--------+--------+--------+--------+--------+-----+--------+
         Total |     68 |     68 |      0 |      0 |     38 |   1 |   68.0 |
       Dungeon |     68 |     68 |      0 |      0 |     38 |   1 |   68.0 |
               +--------+--------+--------+--------+--------+-----+--------+

Top non-repeatable levels by time:
     D:1: 68 daAuts
